 Dungeon Crawl Stone Soup version 0.20.1-1-g8b1a95d (webtiles) character file.

371 letownia2 the Grave Robber (level 6, 36/49 HPs)
             Began as a Deep Dwarf Necromancer on Nov 7, 2017.
             Quit the game on level 5 of the Dungeon.
             The game lasted 00:06:34 (2123 turns).

letownia2 the Grave Robber (Deep Dwarf Necromancer) Turns: 2123, Time: 00:06:35

Health: 36/49      AC:  6    Str: 12    XL:     6   Next: 42%
Magic:  9/9        EV:  9    Int: 17    God:
Gold:   26         SH:  0    Dex: 13    Spells: 6/10 levels left

rFire    . . .     SeeInvis .   a - -2 short sword
rCold    . . .     Gourm    .   (no shield)
rNeg     . . .     Faith    .   p - +0 scale mail
rPois    .         Spirit   .   (no helmet)
rElec    .         Reflect  .   (no cloak)
rCorr    .         Harm     .   (no gloves)
MR       .....                  (no boots)
Stlth    +.........             (no amulet)
Regen    0.0/turn               (no ring)
MPRegen  0.2/turn               (no ring)

@: about to teleport, starving, non-regenerating
A: damage resistance, heal wounds, sense surroundings 1, no regeneration
a: Heal Wounds


You were on level 5 of the Dungeon.
You were starving.

You visited 1 branch of the dungeon, and saw 5 of its levels.
You also visited: Sewer.

You collected 26 gold pieces.

Inventory:

Hand Weapons
 a - a -2 short sword (weapon)
 n - a +0 blowgun
 o - a cursed -1 whip
 q - a +0 dagger
Missiles
 g - 46 poisoned needles
Armour
 d - a +0 leather armour
 p - a +0 scale mail (worn)
Scrolls
 e - 2 scrolls of amnesia
Potions
 f - a potion of might
 h - 3 potions of magic {unknown}
 k - a potion of mutation {unknown}
 l - 4 potions of flight {unknown}
 m - 3 potions of curing {unknown}
Books
 b - a book of Necromancy

   Spells                             Type                      Level
   a - Pain                           Necromancy                   1
   b - Animate Skeleton               Necromancy                   1
   c - Vampiric Draining              Necromancy                   3
   d - Regeneration                   Charms/Necromancy            3
   e - Animate Dead                   Necromancy                   4
   f - Control Undead                 Necromancy                   4
Comestibles
 j - 2 meat rations


   Skills:
 - Level 3.0 Armour
 - Level 2.2 Dodging
 - Level 2.4 Stealth
 + Level 2.5 Spellcasting
 + Level 7.4 Necromancy


You had 6 spell levels left.
You knew the following spells:

 Your Spells              Type           Power        Failure   Level  Hunger
a - Pain                  Necr           ####         4%          1    #......
v - Vampiric Draining     Necr           ####......   13%         3    ###....


Dungeon Overview and Level Annotations

Branches:
Dungeon (5/15)
 Temple: D:4-7

Altars:

Annotations:
D:5 Eustachio


Innate Abilities, Weirdness & Mutations

You are resistant to damage.
You can heal yourself by infusing magical energy.
You passively map a small area around you.
You do not regenerate.


Message History

You feel as if something is helping you.
It was a scroll of remove curse.
As you read the scroll labeled USKIPLO LOYJIACRA, it crumbles to dust.
It is a scroll of identify.
Really abort (and waste the scroll)?
Okay, then.
As you read the scroll labeled ISTALA ZALULL, it crumbles to dust.
The creatures around you are filled with an inner flame!
It was a scroll of immolation.
Eustachio completely misses you.
As you read the scroll labeled EHIATY KATEAPTA, it crumbles to dust.
You feel strangely unstable.
It was a scroll of teleportation.
Eustachio gestures wildly while chanting.
Eustachio blinks!
As you read the scroll labeled UNEINOTT XOWNONIWA, it crumbles to dust.
It is a scroll of amnesia.
Forget which spell ([?*] list [ESC] exit)?
Forget which spell ([?*] list [ESC] exit)?
Okay, then.
Unknown command.
Are you sure you want to abandon this character and quit the game? (Confirm with "yes".)

, , *, , ...
.....,*
...#####....
*
...........
, ..@......#
, , ,
#.......# ,
#.......# *
, **, ,
#.......#.#
, , ,
#..$.@....#
* * ,
#######..##
, ..#, ,,, *
.#, , ,, ,..
, * .# * , .
, , ,, * ,,
, , , , * ,
,


You could see Eustachio (inner flame).

Vanquished Creatures
  3 big kobolds (Sewer)
  A gnoll shaman (D:4)
  4 gnolls
  3 adders
  A river rat (Sewer)
  4 oozes (Sewer)
  2 worms (Sewer)
  A dart slug (D:2)
  3 ball pythons (Sewer)
  A bat (D:3)
  4 giant cockroaches
  3 hobgoblins
  2 quokkas
  2 frilled lizards
  3 kobolds (Sewer)
  3 rats
40 creatures vanquished.

Notes
Turn   | Place    | Note
-------+----------+-------------------------------------------
     0 | D:1      | letownia2 the Deep Dwarf Necromancer began the quest for the Orb.
     0 | D:1      | Reached XP level 1. HP: 15/15 MP: 3/3
   112 | D:2      | Reached XP level 2. HP: 22/22 MP: 0/4
   290 | D:2      | Reached skill level 5 in Necromancy
   421 | D:4      | Noticed a scorpion
   528 | D:4      | Reached XP level 3. HP: 19/28 MP: 0/6
   588 | D:3      | Learned a level 3 spell: Vampiric Draining
   818 | D:4      | Reached skill level 6 in Necromancy
   818 | D:4      | Reached XP level 4. HP: 21/36 MP: 1/7
   833 | D:4      | Found a glowing drain.
   878 | Sewer    | Entered a sewer
  1106 | Sewer    | Reached skill level 1 in Armour
  1109 | Sewer    | Noticed a big kobold
  1272 | Sewer    | Noticed a big kobold
  1291 | Sewer    | Killed a big kobold
  1291 | Sewer    | Reached XP level 5. HP: 24/42 MP: 0/8
  1350 | Sewer    | Reached skill level 7 in Necromancy
  1376 | Sewer    | Reached XP level 6. HP: 18/49 MP: 1/9
  2117 | D:5      | Entered Level 5 of the Dungeon
  2117 | D:5      | Noticed Eustachio
  2123 | D:5      | Quit the game

Skill      XL: |  1  2  3  4  5 |
---------------+----------------+-----
Spellcasting   | 2 |  2.5
Necromancy     | 5 6 7 |  7.4
Armour         | 2 3 |  3.0
Dodging        | |  2.2
Stealth        | |  2.4

Action                   |  1- 3 |  4- 6 || total
-------------------------+-------+-------++-------
Melee: Short sword       |     5 |    89 ||    94
 Cast: Pain              |    40 |    45 ||    85
       Vampiric Draining |     4 |    16 ||    20
  Use: Scroll            |       |     5 ||     5
  Eat: Chunk             |     1 |     1 ||     2
       Bread ration      |       |     1 ||     1
Armor: Leather armour    |     2 |     5 ||     7
       Scale mail        |       |    43 ||    43
Dodge: Dodged            |    17 |    62 ||    79
